 Dungeon Crawl Stone Soup version 0.26-a0-950-g52035dc9a5 (webtiles) character file.

Game seed: 15453913461523348602

2385 PentaManta the Grappler (level 9, -4/74 HPs)
             Began as a Ghoul Monk on Nov 29, 2020.
             Was an Elder of Makhleb.
             Slain by a vampire mosquito (5 damage)
             ... on level 9 of the Dungeon.
             The game lasted 00:19:45 (7910 turns).

PentaManta the Grappler (Ghoul Monk)                Turns: 7910, Time: 00:19:46

Health: -4/74      AC: 10    Str: 18    XL:     9   Next: 45%
Magic:  8/8        EV:  8    Int:  5    God:    Makhleb [****..]
Gold:   357        SH:  0    Dex: 11    Spells: 8/8 levels left

rFire    . . .     SeeInvis .     - Unarmed
rCold    + . .     Faith    .   (no shield)
rNeg     + + +     Spirit   .   b - +0 chain mail (curse)
rPois    ∞         Reflect  .   (no helmet)
rElec    .         Harm     .   u - +0 cloak
rCorr    .         Rampage  .   (no gloves)
MR       .....                  (no boots)
Stlth    ..........             (no amulet)
HPRegen  0.00/turn              (no ring)
MPRegen  0.11/turn              (no ring)

@: mighty
A: rotting body, claws 1, cold resistance 1, negative energy resistance 3,
inhibited regeneration, torment resistance, unbreathing
a: Minor Destruction, Lesser Servant of Makhleb, Major Destruction, Renounce
Religion


You were on level 9 of the Dungeon.
You worshipped Makhleb.
Makhleb was greatly pleased with you.
You visited 2 branches of the dungeon, and saw 10 of its levels.
You also visited: Sewer.

You collected 357 gold pieces.

Inventory:

Hand Weapons
 a - a +5 dagger
 h - a +1 dagger of speed
Missiles
 l - 7 datura-tipped darts
 q - 71 poisoned darts (quivered)
Armour
 b - a cursed +0 chain mail (worn)
 o - a +0 tower shield
 t - a +0 kite shield
 u - a +0 cloak (worn)
 v - a +3 leather armour of magic resistance
 w - the +1 ring mail "Antadoug" {Harm rElec rCorr Int+3 Dex-3}
   (You found it on level 4 of the Dungeon)

   It affects your intelligence (+3).
   It affects your dexterity (-3).
   It insulates you from electricity.
   It provides partial protection from all sources of acid and corrosion.
   It increases damage dealt and taken.
 x - a +0 plate armour
Jewellery
 k - an uncursed ring of protection from cold {unknown}
 s - an uncursed ring of teleportation
 y - an uncursed amulet of magic regeneration
Wands
 p - a wand of random effects (14)
Scrolls
 c - a scroll of fear
 d - a scroll of immolation {unknown}
 e - 6 scrolls of teleportation
 g - a scroll of magic mapping
 j - a scroll of blinking
 m - 2 scrolls of remove curse
 z - a scroll of torment {unknown}
Potions
 f - 2 potions of might
 i - 2 potions of cancellation
 n - 2 potions of lignification {unknown}
 r - a potion of haste


   Skills:
 * Level 5.1 Fighting
 * Level 3.0 Armour
 * Level 4.3 Dodging
 - Level 2.1 Stealth
 * Level 3.0 Shields
 + Level 11.2 Unarmed Combat


You had 8 spell levels left.
You didn't know any spells.
Your spell library contained the following spells:

 Spells                   Type           Power        Failure   Level
 Animate Skeleton         Necr           #.....       100%        1
 Apportation              Tloc           #.....       100%        1
 Corona                   Hex            #......      100%        1
 Summon Small Mammal      Summ           #...         100%        1


Dungeon Overview and Level Annotations

Branches:
Dungeon (9/15)             Temple (1/1) D:5           Sewer (visited)
   Lair: D:8-11         Orc: D:9-12

Altars:
Ashenzari
Cheibriados
Dithmenos
Elyvilon
Fedhas
Gozag
Kikubaaqudgha
Makhleb
Okawaru
Qazlal
Ru
Trog
Vehumet
Wu Jian
Xom
Yredelemnul
Zin
The Shining One

Shops:
D:9 :[

Annotations:
D:8 exclusion: two-headed ogre


Innate Abilities, Weirdness & Mutations

Your body is rotting away.
You thrive by killing the living.
You are immune to poison.
You have sharp fingernails.
Your flesh is cold resistant. (rC+)
You are immune to negative energy. (rN+++)
You do not regenerate when monsters are visible.
You are immune to unholy pain and torment.
You can survive without breathing.


Message History

The vampire mosquito bites you but does no damage.
There is an open door here.
You feel very mighty all of a sudden.
The vampire mosquito bites you but does no damage.
You claw the vampire mosquito!
The vampire mosquito is heavily damaged.
The vampire mosquito barely misses you.
The vampire mosquito completely misses you.
The vampire mosquito bites you.
* * * LOW HITPOINT WARNING * * *
The vampire mosquito bites you!
* * * LOW HITPOINT WARNING * * *
The vampire mosquito barely misses you.
The vampire mosquito completely misses you. x2
There is an open door here.
The vampire mosquito bites you.
* * * LOW HITPOINT WARNING * * *
There is an entrance to Uhoenuez's Antique Armour Shoppe here.
You barely miss the vampire mosquito. The vampire mosquito bites you.
You die...

#.................
#.................
#................. #########
#######..###+##### #....<..#
####.##.##..##...#... #.......#
#..!.............#... #.......#
#...)............#... '∩......#
#..#+#...........'...
#.......######.+@y......######...
.............#.#y##.....#.....###
.............'.yy#......#.....#
.............#...#......#.....#
)............#...+......#.....#
.............############.....###
.>..#######+####.###.............
....#..............#.............
....#..............#.............


You could see 4 vampire mosquitoes.

Vanquished Creatures
  A hornet (D:9)
  Eustachio (D:6)
  A steam dragon (D:9)
  A black bear (D:7)
  An orc warrior (D:7)
  A phantom (D:4)
  2 ogres
  A centaur (D:6)
  A big kobold (Sewer)
  2 bullfrogs
  3 wights
  2 howler monkeys (D:7)
  2 hounds
  A bullfrog zombie (D:7)
  3 bullfrog skeletons
  3 orc priests
  Crazy Yiuf (D:6)
  3 orc wizards
  Ijyb (D:5)
  2 iguanas (D:6)
  2 worker ants
  A hound zombie (D:6)
  A worker ant zombie (D:6)
  17 adders
  7 gnolls
  3 river rats (Sewer)
  5 white imps
  An ufetubus (D:5)
  5 oozes (Sewer)
  An adder skeleton (D:7)
  7 worms
  2 dart slugs
  6 leopard geckos
  24 orcs
  5 ball pythons
  6 giant cockroaches
  6 goblins
  8 hobgoblins
  2 jackals (D:1)
  4 quokkas
  10 bats
  7 frilled lizards
  A jackal skeleton (D:6)
  A jackal zombie (D:6)
  9 kobolds
  14 rats
188 creatures vanquished.

Vanquished Creatures (others)
  A bush (D:6)
1 creature vanquished.

Grand Total: 189 creatures vanquished

Notes
Turn   | Place    | Note
-------+----------+-------------------------------------------
     0 | D:1      | PentaManta the Ghoul Monk began the quest for the Orb.
     0 | D:1      | Reached XP level 1. HP: 19/19 MP: 0/0
   291 | D:1      | Reached XP level 2. HP: 26/26 MP: 1/1
   325 | D:1      | Reached skill level 4 in Unarmed Combat
  1073 | D:1      | Reached XP level 3. HP: 31/31 MP: 2/2
  2027 | D:2      | Reached skill level 5 in Unarmed Combat
  2187 | D:3      | Found a white marble altar of Elyvilon.
  2195 | D:3      | Reached XP level 4. HP: 38/38 MP: 3/3
  2573 | D:3      | Found a basalt altar of Yredelemnul.
  2575 | D:3      | Found an iron altar of Okawaru.
  2575 | D:3      | Found an ancient bone altar of Kikubaaqudgha.
  2577 | D:3      | Found a shadowy altar of Dithmenos.
  2577 | D:3      | Found a stormy altar of Qazlal.
  2577 | D:3      | Found a shimmering altar of Xom.
  2716 | D:3      | Found a faded altar of an unknown god.
  2838 | D:4      | Got a bloodstained ring mail
  2862 | D:4      | Identified the cursed +1 ring mail "Antadoug" {Harm rElec
                  | rCorr Int+3 Dex-3} (You found it on level 4 of the Dungeon)
  2896 | D:4      | Reached skill level 6 in Unarmed Combat
  2896 | D:4      | Reached XP level 5. HP: 27/45 MP: 4/4
  3356 | D:4      | Noticed a phantom
  3372 | D:4      | Killed a phantom
  3373 | D:4      | Reached skill level 7 in Unarmed Combat
  3373 | D:4      | Reached XP level 6. HP: 43/51 MP: 5/5
  3688 | D:5      | Entered Level 5 of the Dungeon
  3714 | D:5      | Found a staircase to the Ecumenical Temple.
  3721 | Temple   | Entered the Ecumenical Temple
  3725 | Temple   | Became a worshipper of Makhleb the Destroyer
  3725 | Temple   | Reached * piety under Makhleb
  3725 | Temple   | Reached ** piety under Makhleb
  3863 | D:5      | Reached skill level 8 in Unarmed Combat
  4044 | D:5      | Noticed Ijyb
  4059 | D:5      | Killed Ijyb
  4221 | D:5      | Reached XP level 7. HP: 15/57 MP: 6/6
  4641 | D:6      | Reached skill level 9 in Unarmed Combat
  4808 | D:6      | Noticed Eustachio
  4819 | D:6      | Killed Eustachio
  4820 | D:6      | Reached skill level 10 in Unarmed Combat
  4820 | D:6      | Reached XP level 8. HP: 40/63 MP: 7/7
  4922 | D:6      | Found a glowing drain.
  4926 | Sewer    | Entered a sewer
  4983 | Sewer    | Reached *** piety under Makhleb
  5776 | D:6      | Found a runed translucent door.
  5777 | D:6      | Noticed Crazy Yiuf
  5880 | D:6      | Killed Crazy Yiuf
  5909 | D:7      | Reached skill level 11 in Unarmed Combat
  5916 | D:7      | Reached skill level 1 in Armour
  5916 | D:7      | Reached skill level 1 in Shields
  6296 | D:7      | Reached XP level 9. HP: 66/71 MP: 8/8
  6542 | D:6      | HP: 3/72 [wight/+5 mace (8)]
  6912 | D:7      | Found a broken altar of Ashenzari.
  6952 | D:7      | Reached **** piety under Makhleb
  7253 | D:8      | Noticed a hornet
  7265 | D:9      | Found Kowk's Book Shoppe.
  7280 | D:9      | Killed a hornet
  7419 | D:8      | Reached skill level 5 in Fighting
  7546 | D:8      | Noticed a two-headed ogre
  7867 | D:9      | Found Uhoenuez's Antique Armour Shoppe.
  7909 | D:9      | HP: 1/74 [vampire mosquito (6)]
  7910 | D:9      | Slain by a vampire mosquito

Illustrated notes

Levels and vault maps discovered:
D:1:      eino_arrival_druids_welcome, layout_basic
D:2:      layout_loops_ring, minmay_pentomino_pile
D:3:      layout_rooms, doesnt_xom_only_xom, elyvilon_altar_5,
          chequers_ecumenical_altar_grove, serial_curves, eino_curves_01,
          eino_curves_04
D:4:      layout_gridville
D:5:      layout_rooms, minmay_temple_entry_proselytizer, uniq_ijyb
D:6:      layout_cave_pools, gup_sewer_entry_spiral, kb_lookout_dungeons_type,
          minmay_misc_feat_secret_circle, uniq_eustachio,
          uniq_crazy_yiuf_cottage
D:7:      layout_basic, evilmike_ruin_ashenzari
D:8:      layout_basic, grunt_temple_overflow_diamond, uniq_prince_ribbit1,
          uniq_erica
D:9:      layout_gridville, riverfiend_overflow_shadow_ancestor, david_orc_2,
          serial_shops, shop, shop, nicolae_shop_behind_doors,
          nicolae_shop_trees
Temple:   zaba_magenta_temple

Skill      XL: |  1  2  3  4  5  6  7  8  9 |
---------------+----------------------------+-----
Unarmed Combat | 4 5 6 7 8 10 11 | 11.2
Armour         | 2 3 |  3.0
Dodging        | 3 4 |  4.3
Shields        | 2 3 |  3.0
Fighting       | 4 5 |  5.1
Stealth        | |  2.1

Action                   |  1- 3 |  4- 6 |  7- 9 || total
-------------------------+-------+-------+-------++-------
Melee: Unarmed           |   123 |   144 |   325 ||   592
       Punch             |     2 |     2 |    17 ||    21
  Use: Scroll            |       |    16 |     5 ||    21
       Potion            |       |       |     7 ||     7
 Stab: Sleeping          |       |     1 |     1 ||     2
Armor: Robe              |     4 |       |       ||     4
       Ring mail         |    11 |    45 |    44 ||   100
       Scale mail        |    24 |    10 |       ||    34
       Leather armour    |       |     1 |    71 ||    72
       Chain mail        |       |       |    31 ||    31
Dodge: Dodged            |    70 |   102 |   267 ||   439

Table legend: (Time is in decaauts)
 A = Elapsed time spent in this place.
 B = Non-inter-level travel time spent in this place.
 C = Inter-level travel time spent in this place.
 D = Time resting spent in this place.
 E = Time spent auto-exploring this place.
 F = Levels seen in this place.
 G = Mean time per level.
                   A        B        C        D        E       F      G
               +--------+--------+--------+--------+--------+-----+--------+
         Total |   7994 |   7740 |    254 |    812 |   5013 |  11 |  726.7 |
       Dungeon |   7246 |   6992 |    254 |    812 |   4540 |   9 |  805.1 |
        Temple |     95 |     95 |      0 |      0 |      0 |   1 |   95.0 |
         Sewer |    652 |    652 |      0 |      0 |    473 |   1 |  652.0 |
               +--------+--------+--------+--------+--------+-----+--------+

Top non-repeatable levels by time:
     D:6: 1475 daAuts
     D:1: 1252 daAuts
     D:4: 892 daAuts
     D:2: 880 daAuts
     D:5: 727 daAuts
     D:7: 696 daAuts
   Sewer: 652 daAuts
     D:3: 641 daAuts
     D:9: 471 daAuts
     D:8: 209 daAuts
  Temple: 95 daAuts
